 Dungeon Crawl Stone Soup version 0.17.0-1-g61d176b (webtiles) character file.

6199 pipel the Charlatan (level 10, 0/74 HPs)
             Began as a Mummy Chaos Knight on Nov 7, 2015.
             Killed by divine providence
             ... invoked by an orc priest
              (11 damage)
             ... on level 10 of the Dungeon.
             The game lasted 00:57:58 (33503 turns).

pipel the Charlatan (Mummy Chaos Knight)           Turns: 33503, Time: 00:57:59

Health: 0/74       AC: 10    Str: 17    XL:     10   Next: 61%
Magic:  6/15       EV: 17    Int: 12    God:    Xom [....*.]
Gold:   381        SH:  0    Dex: 15    Spells: 0 memorised, 9 levels left

rFire  . . .     SeeInvis .     Q - +3 spear "Otets" {pierce, +Blink rF+ MR- Dex+2} (curse)
rCold  + + .     Clarity  .     J - +2 ring mail {rC+}
rNeg   + + +     SustAt   .     (no shield)
rPois  ∞         Gourm    .     v - +0 helmet
rElec  .         Spirit   .     (no cloak)
rCorr  .         Warding  .     (no gloves)
rMut   .         Rnd*Tele +     j - +0 pair of boots
MR     .....                    w - amulet of inaccuracy (curse)
Stlth  +.........               B - +3 ring of evasion
                                R - ring of teleportation (curse)

@: not resistant to hostile enchantments, very unstealthy
A: no food or potions, fire vulnerability, cold resistance 1, negative energy
resistance 3, torment resistance, unbreathing
a: Renounce Religion, Evoke Blink, Evoke Teleportation


You were on level 10 of the Dungeon.
You worshipped Xom.
You were a beloved toy of Xom.
You were not hungry.

You visited 1 branch of the dungeon, and saw 11 of its levels.

You collected 581 gold pieces.
You spent 200 gold pieces at shops.

Inventory:

Hand Weapons
 a - a +1 falchion of chaos
 b - a +4 arbalest of freezing
 m - a +0 hunting sling
 I - a +1 dagger of venom
 K - a +0 falchion
 L - a cursed +0 falchion
 O - the +10 spear "Gyklia" {antimagic, +Blink}
   (You found it on level 6 of the Dungeon)

   It disrupts the flow of magical energy around spellcasters and certain
   magical creatures (including the wielder).
   It lets you blink.
 Q - the cursed +3 spear "Otets" (weapon) {pierce, +Blink rF+ MR- Dex+2}
   (You bought it in a shop on level 6 of the Dungeon)

   It inflicts extra damage upon your enemies.
   It affects your dexterity (+2).
   It protects you from fire.
   It affects your resistance to hostile enchantments.
   It lets you blink.
   It has a curse placed upon it.
Missiles
 e - 397 stones
 g - 15 bolts of frost
 k - 8 sling bullets of frost
 l - 48 sling bullets
 n - 29 poisoned needles
 r - 139 arrows
 t - 4 tomahawks (quivered)
 u - 75 bolts
 E - a throwing net
 F - 10 arrows of frost
 H - 13 steel bolts
Armour
 f - a +0 ring mail
 j - a +0 pair of boots (worn)
 q - a +2 leather armour
 v - a +0 helmet (worn)
 J - a +2 ring mail of cold resistance (worn)
Magical Staves
 y - an uncursed staff of summoning {unknown}
Jewellery
 c - the amulet of Hospitality {Ward rF++ rN+ Dex+6}
   (Xom gifted it to you on level 1 of the Dungeon)

   [amulet of warding]

   It may prevent the melee attacks of summoned creatures.
   It affects your dexterity (+6).
   It greatly protects you from fire.
   It protects you from negative energy.
 o - an uncursed ring of protection from cold
 w - a cursed amulet of inaccuracy (around neck)
 B - a +3 ring of evasion (right hand)
 D - an uncursed amulet of resist corrosion {unknown}
 P - a +4 ring of intelligence
 R - a cursed ring of teleportation (left hand)
Wands
 p - a wand of digging (4)
 s - a wand of heal wounds (4)
 x - a wand of disintegration (0)
 A - a wand of lightning (8)
 C - a wand of paralysis (19)
 G - a wand of polymorph (9)
 N - a wand of slowing (20)
 U - a wand of disintegration (20)
 W - a wand of teleportation (5)
Scrolls
 d - 5 scrolls of amnesia
 h - a scroll of identify
 i - 2 scrolls of blinking
 S - 2 scrolls of teleportation
 T - 2 scrolls of fog
 V - a scroll of magic mapping
Books
 z - a book of the Tempests

   Spells                             Type                      Level
   a - Static Discharge               Conjuration/Air              3
   b - Lightning Bolt                 Conjuration/Air              5
   c - Fireball                       Conjuration/Fire             5
   d - Tornado                        Air                          9
   e - Shatter                        Earth                        9
 M - a book of Power

   Spells                             Type                      Level
   a - Fulminant Prism                Conjuration/Hexes            4
   b - Iskenderun's Mystic Blast      Conjuration                  4
   c - Venom Bolt                     Conjuration/Poison           5
   d - Bolt of Magma                  Conjuration/Fire/Earth       5
   e - Iron Shot                      Conjuration/Earth            6
   f - Orb of Destruction             Conjuration                  7
   g - Spellforged Servitor           Conjuration/Summoning        7


   Skills:
 - Level 5.0 Fighting
 - Level 4.5 Long Blades
 + Level 5.7 Polearms
 - Level 1.1 Crossbows
 - Level 1.0 Throwing
 - Level 5.1 Armour
 - Level 5.4 Dodging
 - Level 0.5 Stealth
 * Level 7.9 Evocations


You had 9 spell levels left.
You didn't know any spells.

Dungeon Overview and Level Annotations

Branches:
Dungeon (11/15)            Temple (0/1) D:5            Lair (0/8) D:10
    Orc: D:9-12

Altars:
Nemelex Xobeh
Ru
Xom

Shops:
D:4 =   D:5 }   D:6 (   D:7 !   D:9 [

Annotations:
D:8 Erica, Erolcha


Innate Abilities, Weirdness & Mutations

You do not eat or drink.
Your flesh is vulnerable to fire.
You are immune to poison.
Your flesh is cold resistant.
You are immune to negative energy.
You are immune to unholy pain and torment.
You can survive without breathing.


Message History

The water moccasin hisses angrily.
You fail to use your ability.
You feel strangely unstable. The water moccasin bites you.
* * * LOW HITPOINT WARNING * * *
The crimson imp shouts!
The water moccasin bites you.
* * * LOW HITPOINT WARNING * * *
Your surroundings suddenly seem different.
An orc priest comes into view. It is wielding a war axe.
The orc priest shouts!
An orc comes into view. It is wielding a hand axe.
The orc shouts!
Found a beef jerky.
An orc and an orc warrior come into view.
The orc warrior shouts!
The orc misses you.
The orc priest invokes the aid of Beogh against you.
Something smites you!
You die...
Xom giggles madly!

.# *≈....+,,#$.#?.....#..,.,,*,*
## *,,.Y.*,,#...........$.#%,*,*
##############....##.##....*..,,*
C.....#.#.#.##.#$...........,.#,*
..W.........C9.......##....#*,*,*
#.....#######.#####.!.......,,*,*
#.#####*****#.##......##*#,****,*
#.# **#.C.....##......(.,,,,,,*,*
#.# *,...#######@#####.#**,**,*,*
#F# *,,,,,,,,,,#.o.o.#..**,**,,,*
..###,,,,,,,,,,#.....#,,**,******
....#***,,,,,,,#..%.o...,,,*
....# *,,,,,,,##....###,,,* ....#
*,,,,,,,,,#...# *,,,*
....########,,,,,*o..#***,,*
###........#,,,.,*.9.#,,,,,*
#........#,...,*...#,,,,,***


You could see an orc warrior, a gargoyle, an orc priest and 2 orcs.

Vanquished Creatures
  2 centaur skeletons
  Prince Ribbit (D:7)
  A wyvern (D:10)
  A deep elf mage (D:9)
  2 hungry ghosts
  6 ice beasts
  3 ogres
  A phantom (D:10)
  2 orc warriors
  5 centaurs
  A necrophage (D:8)
  A crocodile (D:6)
  7 giant frogs
  A big kobold (D:7)
  A wyvern skeleton (D:6)
  3 scorpions
  4 killer bees (D:7)
  5 hounds
  8 wights
  7 crimson imps
  3 orc priests
  A quasit (D:8)
  4 giant frog skeletons
  A gnoll shaman (D:5)
  6 iguanas
  Terence (D:3)
  3 worker ants
  A killer bee zombie (D:9)
  13 orc wizards
  2 hound zombies
  A hound skeleton (D:5)
  A worker ant zombie (D:5)
  5 gnolls (D:5)
  10 adders
  3 shadow imps
  2 oozes
  An adder zombie (D:9)
  A giant eyeball (D:5)
  An adder skeleton (D:5)
  7 worms
  32 orcs
  8 giant cockroaches
  11 hobgoblins
  11 jackals
  7 quokkas
  14 bats
  7 giant geckos
  A giant gecko skeleton (D:4)
  9 giant newts
  12 goblins
  18 kobolds
  A quokka skeleton (D:6)
  12 rats
272 creatures vanquished.

Vanquished Creatures (collateral kills)
  A two-headed ogre (D:10)
  Sigmund (D:3)
  A yak (D:6)
  A water moccasin (D:5)
  An orc warrior (D:9)
  2 ice beasts
  An ogre (D:9)
  A crimson imp (D:9)
  An iguana (D:9)
  An orc priest (D:9)
  An orc wizard (D:9)
  An orc (D:9)
13 creatures vanquished.

Vanquished Creatures (others)
  An orc wizard (D:8)
  A plant (D:10)
2 creatures vanquished.

Grand Total: 287 creatures vanquished

Notes
Turn   | Place    | Note
--------------------------------------------------------------
     0 | D:1      | pipel the Mummy Chaos Knight began the quest for the Orb.
     0 | D:1      | Reached XP level 1. HP: 18/18 MP: 1/1
    80 | D:1      | XOM: harmless Erth miscast
   122 | D:1      | XOM: harmless Necr miscast
   381 | D:1      | Reached XP level 2. HP: 6/24 MP: 2/2
   627 | D:1      | Found a sparkling altar of Nemelex Xobeh.
   708 | D:1      | XOM: mild Conj miscast
   791 | D:1      | Reached skill level 1 in Dodging
  1181 | D:1      | XOM: scenery: 1 doors close
  1442 | D:1      | XOM: harmless Summ miscast
  1844 | D:1      | Reached XP level 3. HP: 27/29 MP: 3/3
  2073 | D:1      | XOM: god gift: 43 gold pieces
  2794 | D:1      | XOM: harmless Necr miscast
  3193 | D:1      | XOM: harmless Divn miscast
  3436 | D:1      | XOM is BORED!
  3436 | D:1      | XOM: noise
  3507 | D:1      | XOM: god gift: coiled amethyst amulet {god gift}
  3508 | D:1      | Got a coiled amethyst amulet {god gift}
  3509 | D:1      | Identified the amulet of Hospitality {Ward rF++ rN+ Dex+6} (Xom gifted it to you on level 1 of the Dungeon)
  3911 | D:1      | XOM: harmless Hex miscast
  4030 | D:1      | XOM: 3-stop teleportation journey
  4227 | D:1      | XOM: vitrification
  4398 | D:2      | XOM: colour smoke trail
  5264 | D:2      | Reached XP level 4. HP: 20/35 MP: 4/4
  5375 | D:2      | XOM: silly message
  5468 | D:2      | XOM: god gift: runed arbalest {god gift}
  5802 | D:1      | XOM: god gift: 23 stones
  5809 | D:1      | XOM: vitrification
  6356 | D:1      | XOM: god gift: scroll labeled POROLU JEUFAY
  6399 | D:1      | XOM: harmless Conj miscast
  6543 | D:1      | XOM: god gift: 56 gold pieces
  6598 | D:1      | XOM is BORED!
  6598 | D:1      | XOM: noise
  6946 | D:1      | XOM: noise
  7092 | D:1      | XOM: mild Trmt miscast
  7376 | D:1      | XOM: harmless Air miscast
  7547 | D:1      | XOM: colour smoke trail
  7726 | D:1      | XOM: harmless Erth miscast
  7729 | D:1      | XOM: noise
  8220 | D:1      | Noticed a centaur warrior
  8266 | D:3      | XOM: stealth player
  8304 | D:3      | Noticed Terence
  8322 | D:3      | XOM: polymorph orc -> giant cockroach
  8335 | D:3      | XOM: confuse monster(s)
  8506 | D:3      | XOM: god gift: 21 stones
  8581 | D:2      | XOM: 3-stop teleportation journey
  8587 | D:2      | XOM: god gift: forked bone wand {god gift}
  8736 | D:3      | XOM: god gift: cyan potion
  8803 | D:3      | XOM: divination: detect items
  8855 | D:3      | Noticed Sigmund
  8861 | D:3      | Killed Sigmund
  8861 | D:3      | Reached XP level 5. HP: 41/41 MP: 5/5
  8865 | D:3      | XOM: vitrification
  8923 | D:3      | Killed Terence
  9097 | D:3      | Noticed an ice beast
  9097 | D:3      | a worker ant changed into an ice beast
  9105 | D:3      | Killed an ice beast
  9105 | D:3      | Reached XP level 6. HP: 22/48 MP: 6/6
  9543 | D:4      | XOM: vitrification
  9781 | D:4      | Found Yjy Wyts's Jewellery Emporium.
  9822 | D:4      | Reached skill level 1 in Throwing
  9895 | D:4      | XOM: god gift: 6 exploding tomahawks
 10092 | D:4      | XOM: divination: detect creatures
 10154 | D:4      | Found a sacrificial altar of Ru.
 10228 | D:5      | Entered Level 5 of the Dungeon
 10296 | D:5      | XOM: harmless Hex miscast
 10310 | D:5      | Found Guodi's Gadget Emporium.
 10508 | D:5      | Reached XP level 7. HP: 34/53 MP: 7/7
 10732 | D:5      | XOM: harmless Necr miscast
 10836 | D:5      | Found a staircase to the Ecumenical Temple.
 10919 | D:5      | XOM: mild Tloc miscast
 10953 | D:5      | XOM: harmless Conj miscast
 11098 | D:5      | Reached skill level 4 in Fighting
 11098 | D:5      | Reached skill level 1 in Crossbows
 11106 | D:5      | Reached skill level 1 in Evocations
 11110 | D:5      | XOM: potion effect (curing)
 11277 | D:5      | XOM: harmless Fire miscast
 11405 | D:5      | XOM: confuse monster(s)
 11650 | D:5      | XOM: confuse monster(s)
 11670 | D:5      | XOM: blink monster(s)
 11672 | D:5      | XOM: cast spell 'Cause Fear'
 11692 | D:5      | XOM: confuse monster(s)
 11766 | D:5      | XOM: medium Ice miscast
 12152 | D:4      | XOM: mild Erth miscast
 12309 | D:4      | XOM: stat loss: -1 Str (15/16)
 13305 | D:4      | XOM: divination: detect creatures
 13325 | D:4      | XOM: harmless Summ miscast
 13395 | D:4      | XOM: harmless Necr miscast
 13462 | D:4      | XOM: mild Air miscast
 13651 | D:4      | XOM: god gift: fluorescent wand {god gift}
 13851 | D:4      | XOM: harmless Erth miscast
 14230 | D:4      | XOM: colour smoke trail
 14240 | D:4      | XOM: vitrification
 14661 | D:4      | XOM: god gift: 9 stones
 14823 | D:4      | XOM is BORED!
 14823 | D:4      | XOM: mild Trmt miscast
 15743 | D:4      | XOM: harmless Summ miscast
 15750 | D:4      | XOM: colour smoke trail
 16226 | D:4      | XOM: god gift: 13 steel bolts
 16526 | D:4      | HP: 1/54 [orc (4)]
 16923 | D:4      | XOM: smoke on damage
 17042 | D:3      | XOM: silly message
 17378 | D:3      | XOM: mild Summ miscast
 17400 | D:3      | XOM: 4-stop teleportation journey
 18412 | D:3      | XOM: 2-stop teleportation journey
 19158 | D:3      | XOM: god gift: smoky sapphire potion
 19496 | D:3      | XOM: enchant monster (good)
 19502 | D:3      | Reached XP level 8. HP: 61/61 MP: 9/9
 19638 | D:3      | XOM: god gift: 27 gold pieces
 19685 | D:3      | XOM: god gift: bread ration
 19817 | D:5      | XOM is BORED!
 19817 | D:5      | XOM: mild Erth miscast
 20023 | D:5      | XOM: smoke on damage
 20029 | D:5      | XOM: confuse monster(s)
 20042 | D:5      | XOM: polymorph orc wizard -> giant eyeball
 20067 | D:5      | XOM: summons 2 friendly demons
 20105 | D:5      | XOM: mild Pois miscast
 20348 | D:6      | XOM: mild Pois miscast
 20353 | D:6      | Reached skill level 5 in Dodging
 20379 | D:5      | XOM: severe Ice miscast
 21904 | D:5      | XOM: cast spell 'Summon Butterflies'
 21929 | D:5      | XOM: enchant monster (good)
 22061 | D:5      | XOM: scenery: 3 doors close
 23299 | D:5      | Noticed a great orb of eyes
 23306 | D:6      | Found a shimmering altar of Xom.
 23413 | D:6      | XOM: vitrification
 23514 | D:6      | XOM: summons friendly ufetubus
 23522 | D:6      | XOM: polymorph ufetubus -> shadow imp
 23610 | D:6      | XOM: god gift: hunting sling {god gift}
 23626 | D:6      | Reached skill level 5 in Fighting
 23641 | D:6      | Reached skill level 5 in Armour
 23773 | D:6      | XOM: god gift: 4 meat rations
 23784 | D:6      | XOM: god gift: papyrus book {god gift}
 23903 | D:6      | Got a pitted spear
 23904 | D:6      | Identified the +10 spear "Gyklia" {antimagic, +Blink} (You found it on level 6 of the Dungeon)
 23921 | D:6      | XOM: summons 8 friendly demons
 23926 | D:6      | Reached XP level 9. HP: 68/68 MP: 3/11
 23987 | D:6      | XOM: god gift: 62 gold pieces
 24137 | D:6      | Found Leesmonovo's Antique Weapon Emporium.
 24142 | D:6      | Bought an ichor-stained spear for 200 gold pieces
 24142 | D:6      | Identified the cursed +3 spear "Otets" {pierce, +Blink rF+ MR- Dex+2} (You bought it in a shop on level 6 of the Dungeon)
 24567 | D:6      | XOM: noise
 24624 | D:5      | Paralysed by a great orb of eyes for 5 turns
 24833 | D:5      | XOM: silly message
 25327 | D:5      | XOM: mild Hex miscast
 25338 | D:5      | XOM: harmless Air miscast
 25682 | D:5      | Noticed a six-headed hydra
 25696 | D:5      | XOM: confusion
 25735 | D:4      | XOM: enchant monster (bad)
 26475 | D:4      | XOM: silly message
 26615 | D:4      | XOM: harmless Erth miscast
 26986 | D:4      | XOM: harmless Divn miscast
 27342 | D:4      | XOM: noise
 27346 | D:4      | XOM: stat loss: -1 Int (10/11)
 27555 | D:4      | XOM: silly message
 27660 | D:4      | Noticed a centaur skeleton
 27681 | D:4      | Killed a centaur skeleton
 27681 | D:4      | Reached skill level 5 in Evocations
 27811 | D:5      | XOM: silly message
 27822 | D:6      | XOM: medium Divn miscast
 27952 | D:6      | XOM: repel stairs
 27960 | D:6      | Reached skill level 1 in Polearms
 28171 | D:7      | XOM: enchant monster (bad)
 28174 | D:7      | XOM: silly message
 28277 | D:7      | XOM: mild Fire miscast
 28294 | D:7      | XOM: blink monster(s)
 28301 | D:7      | XOM: enchant monster (good)
 28383 | D:7      | Noticed Prince Ribbit
 28388 | D:7      | Found Liczueju's Distillery.
 28431 | D:7      | Reached skill level 6 in Evocations
 28828 | D:7      | XOM: divination: detect items
 28937 | D:7      | XOM: cast spell 'Metabolic Englaciation'
 29109 | D:7      | XOM: confuse monster(s)
 29254 | D:7      | XOM: enchant monster (good)
 29259 | D:7      | Killed Prince Ribbit
 29259 | D:7      | Reached XP level 10. HP: 58/74 MP: 14/14
 29478 | D:8      | Noticed Erica
 29485 | D:8      | XOM: enchant monster (good)
 29500 | D:8      | Noticed Erolcha
 29572 | D:8      | XOM: harmless Trmt miscast
 29910 | D:8      | XOM: potion effect (might)
 30192 | D:9      | Found Hiec's Armour Shoppe.
 30301 | D:9      | XOM: silly message
 30304 | D:9      | XOM: smoke on damage
 30310 | D:9      | XOM: potion effect (agility)
 30352 | D:8      | Reached skill level 7 in Evocations
 30460 | D:9      | XOM: divination: detect items
 30643 | D:9      | XOM: divination: detect creatures
 30676 | D:9      | XOM: harmless Erth miscast
 30893 | D:9      | XOM: vitrification
 31012 | D:9      | XOM: vitrification
 31079 | D:9      | XOM: medium Trmt miscast
 31080 | D:10     | Entered Level 10 of the Dungeon
 31109 | D:10     | Reached skill level 5 in Polearms
 31166 | D:10     | XOM: enchant monster (good)
 31171 | D:10     | HP: 2/71 [something (6)]
 31244 | D:10     | XOM: 3-stop teleportation journey
 31259 | D:10     | XOM: summons 2 friendly demons
 31264 | D:10     | XOM: summons 4 friendly demons
 31315 | D:11     | XOM: god gift: short bronze wand {god gift}
 31347 | D:11     | XOM: 1-stop teleportation journey
 31348 | D:11     | Noticed a cyclops
 31361 | D:11     | XOM: divination: magic mapping
 31408 | D:10     | XOM: cast spell 'Olgreb's Toxic Radiance'
 31426 | D:10     | Noticed a hill giant
 31631 | D:10     | XOM: enchant monster (good)
 32130 | D:9      | XOM: vitrification
 32577 | D:9      | XOM: scenery: 1 doors open
 32675 | D:9      | XOM: vitrification
 33207 | D:9      | XOM: god gift: 10 bolts of frost
 33503 | D:10     | Killed from afar by an orc priest

Action                   |  1- 3 |  4- 6 |  7- 9 | 10-12 || total
-------------------------+-------+-------+-------+-------++-------
Melee: Falchion          |   150 |   227 |   508 |       ||   885
       Spear             |       |       |   523 |   489 ||  1012
 Fire: Arbalest          |       |    13 |    16 |       ||    29
Throw: Stone             |    11 |       |    10 |       ||    21
       Tomahawk          |       |    20 |    18 |    10 ||    48
       Throwing net      |       |       |     2 |     1 ||     3
 Abil: Evoke Teleportati |       |       |     4 |    19 ||    23
       Evoke Blink       |       |       |     4 |    19 ||    23
Evoke: Wand              |       |       |     7 |     7 ||    14
  Use: Scroll            |     4 |     6 |     6 |     3 ||    19
 Stab: Sleeping          |     3 |     3 |       |     2 ||     8
       Distracted        |     1 |     1 |     1 |     2 ||     5
       Paralysed         |     1 |     3 |     3 |       ||     7
       Confused          |       |     2 |     1 |       ||     3
       Petrified         |       |     1 |       |     1 ||     2
       Betrayed ally     |       |       |     1 |       ||     1
       Held in net/web   |       |       |       |     3 ||     3
